 Dungeon Crawl Stone Soup version 0.21.1-1-g345015f (webtiles) character file.

10476 GrunderHorse the Archer (level 11, -5/108 (110) HPs)
             Began as a Centaur Hunter on Mar 29, 2018.
             Was an Elder of Okawaru.
             Killed from afar by Josephine (23 damage)
             ... with a ghostly fireball
             ... on level 11 of the Dungeon on Apr 13, 2018.
             The game lasted 00:27:15 (15331 turns).

GrunderHorse the Archer (Centaur Hunter)           Turns: 15331, Time: 00:27:15

HP:   -5/108 (110)  AC:  8    Str: 15    XL:     11   Next: 36%
MP:   11/11         EV:  8    Int: 10    God:    Okawaru [****..]
Gold: 532           SH:  0    Dex: 17    Spells: 10/10 levels left

rFire    + . .     SeeInvis +   a - +2 shortbow
rCold    . . .     Gourm    .   (shield currently unavailable)
rNeg     . . .     Faith    +   F - +1 ring mail {rF+}
rPois    +         Spirit   .   d - +1 hat {SInv}
rElec    .         Reflect  .   p - +0 cloak
rCorr    .         Harm     .   (no gloves)
MR       .....                  (no barding)
Stlth    ..........             i - amulet of faith
HPRegen  0.28/turn              j - +4 ring of dexterity
MPRegen  0.12/turn              c - ring of poison resistance

@: slowed, drained
A: large, hooves 3, deformed body, speed 2, tough skin 3
a: Heroism, Renounce Religion


You were on level 11 of the Dungeon.
You worshipped Okawaru.
Okawaru was greatly pleased with you.
You were very hungry.

You visited 2 branches of the dungeon, and saw 12 of its levels.

You collected 532 gold pieces.

Inventory:

Hand Weapons
 a - a +2 shortbow (weapon)
 b - a +2 quarterstaff of draining
 t - a +0 shortbow
Missiles
 h - 4 tomahawks
 w - 7 poisoned javelins
 I - 39 arrows (quivered)
Armour
 d - a +1 hat of see invisible (worn)
 p - a +0 cloak (worn)
 F - a +1 ring mail of fire resistance (worn)
Jewellery
 c - a ring of poison resistance (right hand)
 i - an amulet of faith (around neck)
 j - a +4 ring of dexterity (left hand)
 y - an uncursed ring of ice
Wands
 s - a wand of polymorph (9)
 A - a wand of enslavement (15)
Scrolls
 e - 6 scrolls of identify
 g - 2 scrolls of teleportation
 k - 4 scrolls of fog
 l - a scroll of magic mapping
 m - a scroll of enchant armour
 n - 7 scrolls of remove curse
 q - 3 scrolls of fear
 u - a scroll of vulnerability {unknown}
 B - a scroll of random uselessness
 G - a scroll of noise
Potions
 r - a potion of flight
 v - 2 potions of might
 x - 2 potions of curing
 z - a potion of cancellation
 D - a potion of brilliance
 E - 2 potions of ambrosia
Comestibles
 f - 15 rations


   Skills:
 - Level 14.0(12.5) Fighting
 + Level 14.4(12.9) Bows
 - Level 1.3(0.3) Dodging
 - Level 0.4(0.0) Stealth


You had 10 spell levels left.
You didn't know any spells.

Dungeon Overview and Level Annotations

Branches:
Dungeon (11/15)            Temple (1/1) D:6            Lair (0/6) D:9
    Orc (0/2) D:10

Altars:
Ashenzari
Cheibriados
Dithmenos
Elyvilon
Fedhas
Gozag
Hepliaklqana
Kikubaaqudgha
Makhleb
Nemelex Xobeh
Okawaru
Qazlal
Ru
Sif Muna
Trog
Uskayaw
Vehumet
Wu Jian
Xom
Yredelemnul
Zin
The Shining One

Annotations:
D:5 1 runed door
D:11 Josephine


Innate Abilities, Weirdness & Mutations

You have hooves in place of feet.
Armour fits poorly on your strangely shaped body.
You cover ground very quickly.
You have extremely tough skin. (AC +3)


Message History

The bolt of acid misses Josephine.
The bolt of acid misses the wraith.
The bolt of acid misses the centaur warrior.
The bolt of acid hits the white imp.
The white imp is splashed with acid.
The acid corrodes the white imp!
You kill the white imp!
Okawaru accepts your kill.
The now-empty wand crumbles to dust.
Josephine closely misses you. The wraith barely misses you.
The wraith hits you! The wraith drains your vigour!
You feel as though you will be slow longer.
Josephine points at you and mumbles some strange words.
The ghostly flame explodes!
The ghostly fireball engulfs you!
You feel drained.
* * * LOW HITPOINT WARNING * * *
The ghostly fireball engulfs the wraith.
The wraith completely resists.
The ghostly fireball engulfs Josephine.
Josephine completely resists.
You hear a bellow!
Josephine casts a spell at you.
The ghostly flame explodes!
The ghostly fireball engulfs you!
You feel drained.
You die...

+### #..# #####
#..# .(... ##..#
......
#...####D.....
#####...##(@W.....
#.......#W.#
#.......'@##
+.......###
#>......#
##'###### #.# #.##
#..# ## ##.#
.#########.#####


You could see Josephine, 2 wraiths and an acid dragon.

Vanquished Creatures
  Gastronok (D:8)
  3 two-headed ogres
  Joseph (D:8)
  Maurice (D:8)
  The ghost of Mdefp2 the Magician, a novice DEFE of Vehumet (D:5)
  A centaur skeleton (D:10)
  A troll (D:9)
  Prince Ribbit (D:6)
  A hippogriff (D:5)
  A wraith (D:11)
  A shadow (D:10)
  2 wargs
  2 water moccasins
  5 ice beasts
  6 orc warriors
  An eye of draining (D:10)
  2 necrophages
  7 ogres
  The ghost of Wesley the Charmwright, an amateur MfSk (D:3)
  3 centaurs
  Blork the orc (D:6)
  A big kobold (D:7)
  3 bullfrogs
  A wyvern zombie (D:6)
  A gnoll sergeant (D:7)
  A water moccasin zombie (D:7)
  A scorpion (D:8)
  5 killer bees
  3 howler monkeys (D:7)
  2 jellies
  A bullfrog zombie (D:6)
  5 crimson imps
  4 hounds
  6 orc priests
  6 orc wizards
  A bullfrog skeleton (D:9)
  2 iguanas
  9 worker ants
  Natasha (D:3)
  2 worker ant zombies (D:5)
  9 adders
  10 gnolls
  A shadow imp (D:8)
  A white imp (D:11)
  2 adder skeletons
  3 worms
  5 dart slugs
  6 leopard geckos
  28 orcs
  A ball python (D:4)
  3 bats
  2 giant cockroaches (D:1)
  12 goblins
  11 hobgoblins
  2 jackals (D:5)
  9 kobolds
  2 quokkas
  2 frilled lizards
  A leopard gecko skeleton (D:5)
  4 rats
212 creatures vanquished.

Notes
Turn   | Place    | Note
-------+----------+-------------------------------------------
     0 | D:1      | GrunderHorse the Centaur Hunter began the quest for the Orb.
     0 | D:1      | Reached XP level 1. HP: 17/17 MP: 1/1
   188 | D:1      | Reached XP level 2. HP: 21/24 MP: 2/2
   473 | D:1      | Reached XP level 3. HP: 25/29 MP: 3/3
  1744 | D:3      | Reached XP level 4. HP: 36/36 MP: 4/4
  1998 | D:3      | Noticed Wesley's ghost (amateur MfSk)
  2056 | D:3      | Killed Wesley's ghost
  2056 | D:3      | Reached XP level 5. HP: 25/41 MP: 5/5
  2222 | D:3      | Noticed Natasha
  2228 | D:3      | Killed Natasha
  2842 | D:3      | Found a burning altar of Makhleb.
  2888 | D:4      | Noticed an ogre
  3119 | D:4      | Reached XP level 6. HP: 37/48 MP: 6/6
  3959 | D:4      | Noticed an ice beast
  3967 | D:4      | Killed an ice beast
  3967 | D:4      | Reached skill level 10 in Bows
  4096 | D:4      | Found a stormy altar of Qazlal.
  4134 | D:4      | Found an ancient bone altar of Kikubaaqudgha.
  4604 | D:5      | Entered Level 5 of the Dungeon
  4911 | D:5      | Reached XP level 7. HP: 45/55 MP: 7/7
  5058 | D:5      | Found a sacrificial altar of Ru.
  5248 | D:5      | Noticed Mdefp2's ghost (novice DEFE)
  5293 | D:5      | Killed Mdefp2's ghost
  5580 | D:5      | Reached XP level 8. HP: 58/61 MP: 8/8
  5593 | D:5      | Noticed a hippogriff
  5621 | D:5      | Killed a hippogriff
  5702 | D:5      | Found a runed door.
  6318 | D:6      | Found a glowing silver altar of Zin.
  6429 | D:6      | Noticed Prince Ribbit
  6443 | D:6      | Killed Prince Ribbit
  6467 | D:6      | Noticed Blork the orc
  6494 | D:6      | Killed Blork the orc
  6624 | D:6      | Found a snail-covered altar of Cheibriados.
  7357 | D:6      | Found a staircase to the Ecumenical Temple.
  7612 | D:7      | Reached XP level 9. HP: 57/73 MP: 9/9
  7712 | D:7      | Found a sparkling altar of Nemelex Xobeh.
  7734 | D:7      | Reached skill level 5 in Fighting
  9252 | Temple   | Entered the Ecumenical Temple
  9371 | D:8      | Noticed Gastronok
  9443 | D:8      | Killed Gastronok
  9443 | D:8      | Reached skill level 10 in Fighting
  9443 | D:8      | Reached XP level 10. HP: 54/93 MP: 10/10
  9596 | D:8      | Noticed Joseph
  9635 | D:8      | HP: 2/93 [acid (15)]
  9636 | D:8      | Killed Joseph
 10094 | D:8      | Found a bloodstained altar of Trog.
 10111 | D:8      | Found an iron altar of Okawaru.
 10124 | D:8      | Noticed a two-headed ogre
 10131 | D:8      | Became a worshipper of Warmaster Okawaru
 10156 | D:8      | Killed a two-headed ogre
 10215 | D:8      | Reached * piety under Okawaru
 10471 | D:8      | Noticed Maurice
 10488 | D:8      | Killed Maurice
 10647 | D:8      | Found a hazy altar of Hepliaklqana.
 10770 | D:8      | Found a bloodstained altar of Trog.
 11132 | D:9      | Noticed a two-headed ogre
 11195 | D:9      | Killed a two-headed ogre
 11522 | D:9      | Reached ** piety under Okawaru
 12410 | D:9      | Reached XP level 11. HP: 51/104 MP: 11/11
 12744 | D:9      | Found a staircase to the Lair.
 12974 | D:10     | Entered Level 10 of the Dungeon
 13534 | D:10     | Noticed a two-headed ogre
 13660 | D:10     | Found a blossoming altar of Fedhas.
 13660 | D:10     | Found a staircase to the Orcish Mines.
 13664 | D:9      | Reached *** piety under Okawaru
 14346 | D:10     | Killed a two-headed ogre
 14689 | D:9      | Reached **** piety under Okawaru
 15322 | D:11     | Noticed Josephine
 15327 | D:11     | Noticed a centaur warrior
 15331 | D:11     | Killed from afar by Josephine

Skill      XL: |  1  2  3  4  5  6  7  8  9 10 11 |
---------------+----------------------------------+-----
Bows           | 6 7 8 9 11 12 14 | 14.4
Fighting       | 4 10 12 14 | 14.0
Dodging        | |  1.3
Stealth        | |  0.4

Action                   |  1- 3 |  4- 6 |  7- 9 | 10-12 || total
-------------------------+-------+-------+-------+-------++-------
Melee: Short sword       |    73 |    22 |       |       ||    95
       Kick              |    17 |    16 |    45 |    56 ||   134
       Dagger            |       |    53 |    24 |       ||    77
       Quarterstaff      |       |     3 |   172 |   185 ||   360
 Fire: Shortbow          |    19 |    51 |   118 |   109 ||   297
Throw: Javelin           |       |       |     7 |    10 ||    17
       Tomahawk          |       |       |     5 |     4 ||     9
       Throwing net      |       |       |       |     1 ||     1
Evoke: Wand              |       |       |       |     7 ||     7
  Use: Scroll            |     5 |     3 |     2 |     7 ||    17
       Potion            |       |     2 |     2 |     6 ||    10
  Eat: Chunk             |       |     6 |     9 |    15 ||    30
       Ration            |       |     1 |     1 |       ||     2
Armor: Leather armour    |    31 |    23 |   100 |    21 ||   175
       Skin              |       |       |    10 |       ||    10
       Ring mail         |       |       |       |    83 ||    83
Dodge: Dodged            |    31 |    46 |   101 |   131 ||   309
